 Dungeon Crawl Stone Soup version 0.30-a0-331-g8ab09dc110 (webtiles) character file.

Game seed: 5905649571263842034

66 Lanoc the Sneak (level 4, -1/29 HPs)
             Began as a Kobold Delver on Oct 29, 2022.
             Slain by Terence
             ... wielding a +2 flail of holy wrath
              (9 damage)
             ... on level 2 of the Dungeon.
             The game lasted 00:02:10 (737 turns).

Lanoc the Sneak (Kobold Delver)                      Turns: 737, Time: 00:02:10

Health: -1/29      AC:  3    Str:  9    XL:     4   Next: 37%
Magic:  4/4        EV: 15    Int: 11    God:
Gold:   56         SH:  0    Dex: 18    Spells: 3/3 levels left

rFire   . . .      SeeInvis .    a - +0 short sword
rCold   . . .      Faith    .    (no shield)
rNeg    . . .      Spirit   .    b - +0 leather armour
rPois   .          Reflect  .    (no helmet)
rElec   .          Harm     .    (no cloak)
rCorr   .          Rampage  .    (no gloves)
Will    .....                    (no boots)
Stlth   +++++.....               (no amulet)
HPRegen 0.24/turn                (no ring)
MPRegen 0.09/turn                (no ring)

@: attractive, flying
A: small, no large weapons, nightstalker 3
a: no special abilities


You were on level 2 of the Dungeon.
You visited 1 branch of the dungeon, and saw 4 of its levels.

You collected 56 gold pieces.

Inventory:

Hand Weapons
 a - a +0 short sword (weapon)
Armour
 b - a +0 leather armour (worn)
Wands
 g - a wand of digging (3)
Scrolls
 c - a scroll of fog
 d - a scroll of magic mapping
Potions
 f - 2 potions of haste
 h - a potion of ambrosia


   Skills:
 + Level 3.7 Fighting
 + Level 3.5 Short Blades
 + Level 3.1 Dodging
 * Level 7.5 Stealth


You had 3 spell levels left.
You didn't know any spells.
Your spell library was empty.

Dungeon Overview and Level Annotations

Branches:
Dungeon (5/15)
 Temple: D:4-7

Altars:

Annotations:
D:2 Terence


Innate Abilities, Weirdness & Mutations

You are small and have problems with some larger weapons.
You are completely attuned to the shadows.


Message History

Terence is attracted toward you. Terence is attracted toward you.
Terence is attracted toward you. Terence is attracted toward you.
Terence is attracted toward you. Terence is attracted toward you.
Terence is attracted toward you. Terence is attracted toward you.
You completely miss Terence.
Terence is moderately wounded.
Terence seems to regain his courage.
Terence misses you.
You hit Terence but do no damage.
Terence is moderately wounded.
You hit Terence but do no damage.
Terence is moderately wounded.
Terence misses you.
You hit Terence but do no damage.
Terence is moderately wounded.
Terence closely misses you.
You barely miss Terence.
Terence is moderately wounded.
Terence misses you.
You barely miss Terence.
Terence is moderately wounded.
Terence closely misses you.
You hit Terence but do no damage.
Terence is moderately wounded.
You hit Terence but do no damage.
Terence is moderately wounded.
Terence closely misses you.
You hit Terence.
Terence is heavily wounded.
Terence barely misses you.
You hit Terence but do no damage.
Terence is heavily wounded.
Terence misses you.
You hit Terence.
Terence is heavily wounded.
Terence hits you with a +2 flail of holy wrath!
You die...

####..#####.####. ..
......ยง..........
...####.######.####.
...#....# #....#.
#.....## ####.#.
##.....# #.#.
.#......# #...
.....@..# ####
.##.@...# #.....#
#.....# #.....#
#######


You could see Terence.

Vanquished Creatures
  Natasha (D:2)
  An iguana (D:5)
  An ufetubus (D:4)
  2 endoplasms
  A hobgoblin (D:4)
  3 jackals (D:4)
  2 frilled lizards (D:2)
  2 goblins (D:4)
13 creatures vanquished.

Notes
Turn   | Place    | Note
-------+----------+-------------------------------------------
     0 | D:5      | Lanoc the Kobold Delver began the quest for the Orb.
     0 | D:5      | Reached XP level 1. HP: 14/14 MP: 1/1
    41 | D:5      | Noticed an iguana
    45 | D:5      | Killed an iguana
    46 | D:5      | Reached skill level 7 in Stealth
    46 | D:5      | Reached XP level 2. HP: 19/19 MP: 2/2
    46 | D:5      | Reached XP level 3. HP: 23/23 MP: 3/3
   652 | D:2      | Noticed Natasha
   656 | D:2      | Killed Natasha
   657 | D:2      | Reached XP level 4. HP: 29/29 MP: 4/4
   689 | D:2      | Noticed Terence
   737 | D:2      | Slain by Terence

Illustrated notes

Levels and vault maps discovered:
D:2:      layout_basic, shapermc_ecumenical_altar_mp_highgroup, uniq_terence,
          uniq_natasha
D:3:      layout_basic
D:4:      layout_cave_pools, general_overflow_altar, roderic_filled_cross
D:5:      layout_loops_corners, eat_drink_and_be_merry_uskayaw

Skill      XL: |  1  2  3 |
---------------+----------+-----
Short Blades   | 3 |  3.5
Stealth        | 7 |  7.5
Dodging        | 3 |  3.1
Fighting       | |  3.7

Action                   |  1- 3 |  4- 6 || total
-------------------------+-------+-------++-------
Melee: Short sword       |    46 |    22 ||    68
       Punch             |     1 |       ||     1
  Use: Potion            |       |     3 ||     3
       Scroll            |       |     1 ||     1
 Stab: Sleeping          |     5 |     1 ||     6
       Distracted        |     1 |       ||     1
Armor: Leather armour    |    11 |       ||    11
Dodge: Dodged            |    63 |    14 ||    77

Table legend: (Time is in decaauts)
 A = Elapsed time spent in this place.
 B = Non-inter-level travel time spent in this place.
 C = Inter-level travel time spent in this place.
 D = Time resting spent in this place.
 E = Time spent auto-exploring this place.
 F = Levels seen in this place.
 G = Mean time per level.
                   A        B        C        D        E       F      G
               +--------+--------+--------+--------+--------+-----+--------+
         Total |    725 |    712 |     13 |     39 |    499 |   4 |  181.2 |
       Dungeon |    725 |    712 |     13 |     39 |    499 |   4 |  181.2 |
               +--------+--------+--------+--------+--------+-----+--------+

Top non-repeatable levels by time:
     D:4: 365 daAuts
     D:2: 206 daAuts
     D:5: 146 daAuts
     D:3: 7 daAuts
